 Dungeon Crawl Stone Soup version 0.32-a0-818-gb728d0252e (webtiles) character file.

Game seed: 5240714303646971723

136900 greenreed the Marksgoblin (level 17, -12/139 HPs)
             Began as a Coglin Hunter on Mar 23, 2024.
             Was an Initiate of Gozag.
             Mangled by an emperor scorpion (22 damage)
             ... on level 3 of the Spider Nest on Mar 24, 2024.
             The game lasted 01:18:29 (27576 turns).

greenreed the Marksgoblin (Coglin Hunter)          Turns: 27576, Time: 01:18:35

Health: -12/139    AC: 13    Str:  8 (10) XL:     17   Next: 22%
Magic:  0/31       EV: 20    Int: 12      God:    Gozag
Gold:   4376       SH:  0    Dex: 22 (24) Spells: 13/16 levels left

rFire   + + .        O - +3 sling of Due Proportion {freeze, MP+9 SInv}
rCold   + . .        B - +4 sling (elec) {Akihito}
rNeg    . . .        G - +5 moon troll leather armour {Spirit, Regen++ MP+5}
rPois   +            T - +2 helmet
rElec   +            W - scarf {rC+ rF+}
rCorr   +            K - +0 pair of gloves
SInv    +            V - +0 pair of boots "Ladukk" {rElec Regen+ Str-4 Int+4}
Will    +....        (amulet unavailable)
Stlth   ++           (ring unavailable)
HPRegen 3.63/turn    (ring unavailable)
MPRegen 0.62/turn    R - megaablative actuator {rPois rF+ Regen+ RegenMP+ rCorr}

%: guardian spirit
@: lethally poisoned (-12 -> -22), gold aura, studying Staves, revving
A: off-hand wielding, slow wielding, warmup strikes, no jewellery
a: Renounce Religion, Potion Petition, Call Merchant, Bribe Branch


You were on level 3 of the Spider Nest.
You worshipped Gozag.
Gozag was most pleased with you.
You visited 5 branches of the dungeon, and saw 25 of its levels.
You also visited: Ice Cave.

You collected 8867 gold pieces.
You spent 735 gold pieces at shops.
You paid 3756 gold pieces to Gozag.

Inventory:

Hand Weapons
 B - a +4 sling of electrocution (offhand) {Akihito}
 H - the +11 whip of Amiratt {vamp, rC+ rN+ Will+ Str-3}
   (You found it on level 10 of the Dungeon)

   Str-3:     It affects your strength (-3).
   rC+:       It protects you from cold.
   rN+:       It protects you from negative energy.
   Will+:     It increases your willpower.
 O - the +3 sling of Due Proportion (weapon) {freeze, MP+9 SInv}
   (You found it in an ice cave)

   MP+9:      It affects your magic capacity (+9).
   SInv:      It lets you see invisible.
Missiles
 l - 3 atropa-tipped darts
 w - 6 datura-tipped darts
 P - 8 curare-tipped darts
Armour
 G - the +5 moon troll leather armour (worn) {Spirit, Regen++ MP+5}
   (You found it on level 10 of the Dungeon)

   MP+5:      It affects your magic capacity (+5).
   Regen++:   It increases your rate of health regeneration.
 K - a +0 pair of gloves (worn)
 T - a +2 helmet (worn)
 V - the +0 pair of boots "Ladukk" (worn) {rElec Regen+ Str-4 Int+4}
   (You acquired it on level 2 of the Orcish Mines)

   Str-4:     It affects your strength (-4).
   Int+4:     It affects your intelligence (+4).
   rElec:     It insulates you from electricity.
   Regen+:    It increases your rate of health regeneration.
 W - a scarf of resistance (worn)
Gizmo
 R - a megaablative actuator (installed) {rPois rF+ Regen+ RegenMP+ rCorr}
   (You invented it yourself on level 2 of the Lair of Beasts)

   [megaablative actuator]

   rF+:       It protects you from fire.
   rPois:     It protects you from poison.
   Regen+:    It increases your rate of health regeneration.
   rCorr:     It protects you from acid and corrosion.
   RegenMP+:  It increases your rate of magic regeneration.
Wands
 j - a wand of digging (14)
 C - a wand of paralysis (22)
 I - a wand of roots (7)
 N - a wand of light (15)
 U - a wand of flame (7)
Scrolls
 b - a scroll of butterflies
 c - a scroll of brand weapon
 k - 9 scrolls of teleportation
 n - 11 scrolls of fog
 o - a scroll of revelation
 p - 3 scrolls of amnesia
 q - 4 scrolls of poison
 r - 5 scrolls of noise
 s - 2 scrolls of immolation
 v - 3 scrolls of vulnerability
 y - a scroll of silence
 D - 3 scrolls of identify
 E - 2 scrolls of enchant weapon
 L - a scroll of blinking
 Q - a scroll of enchant armour
Potions
 a - 3 potions of resistance
 d - 2 potions of degeneration
 e - a potion of cancellation
 f - 10 potions of curing
 h - a potion of experience {unknown}
 i - 5 potions of mutation
 m - 3 potions of enlightenment
 t - 2 potions of lignification
 u - 3 potions of might
 x - 4 potions of heal wounds
 z - 2 potions of haste
 A - 2 potions of brilliance
 J - 2 potions of magic
 M - 3 potions of attraction
Miscellaneous
 F - a lightning rod (4/4)
 S - a sack of spiders (inert)


   Skills:
 + Level 14.1 Fighting
 * Level 18.1 Ranged Weapons
 + Level 12.9 Dodging
 - Level 0.7 Stealth
 + Level 9.6 Air Magic
 + Level 12.5 Evocations


You had 13 spell levels left.
You knew the following spells:

 Your Spells              Type           Power      Damage    Failure   Level
a - Swiftness             Air            23%        N/A       2%          3

Your spell library contained the following spells:

 Spells                   Type           Power      Damage    Failure   Level
 Mercury Vapours          Alch/Air       22%        N/A       11%         2
 Mephitic Cloud           Conj/Alch/Air  7%         N/A       36%         3
 Apportation              Tloc           0%         N/A       43%         1
 Necrotise                Necr           0%         1d4       43%         1
 Sting                    Conj/Alch      0%         1d3       43%         1
 Summon Small Mammal      Summ           0%         N/A       43%         1
 Ensorcelled Hibernation  Hex/Ice        0%         N/A       58%         2
 Jinxbite                 Hex            0%         N/A       58%         2
 Sublimation of Blood     Necr           0%         N/A       58%         2
 Dazzling Flash           Conj/Hex       0%         N/A       82%         3
 Fugue of the Fallen      Necr           0%         N/A       82%         3
 Hailstorm                Conj/Ice       0%         3d5       82%         3
 Ozocubu's Armour         Ice            0%         N/A       82%         3
 Passwall                 Erth           0%         N/A       82%         3
 Summon Ice Beast         Ice/Summ       0%         N/A       82%         3
 Silence                  Hex/Air        5%         N/A       88%         5
 Anguish                  Hex/Necr       0%         N/A       99%         4
 Manifold Assault         Tloc           0%         N/A       99%         4
 Olgreb's Toxic Radiance  Alch           0%         N/A       99%         4
 Petrify                  Alch/Erth      0%         N/A       99%         4
 Curse of Agony           Necr           0%         N/A       100%        5
 Irradiate                Conj/Alch      0%         3d11      100%        5
 Yara's Violent Unravell  Hex/Alch       0%         3d3       100%        5
 Conjure Ball Lightning   Conj/Air       5%         3x3d6     100%        6
 Permafrost Eruption      Ice/Erth       0%         2x4d2     100%        6
 Sculpt Simulacrum        Ice/Alch       0%         N/A       100%        6
 Enfeeble                 Hex            0%         N/A       100%        7
 Discord                  Hex            0%         N/A       100%        8
 Disjunction              Tloc           0%         N/A       100%        8


Dungeon Overview and Level Annotations

Branches:
Dungeon (13/15)            Temple (1/1) D:5            Lair (5/5) D:8
 Shoals (0/4) Lair:3       Spider (4/4) Lair:2        Slime (0/5) Lair:4
    Orc (2/2) D:9             Elf (0/3) Orc:2         IceCv (visited)
 Vaults: D:13-14

Altars:
Ashenzari
Cheibriados
Dithmenos
Elyvilon
Fedhas
Gozag
Hepliaklqana
Kikubaaqudgha
Makhleb
Nemelex Xobeh
Okawaru
Qazlal
Ru
Sif Muna
Trog
Uskayaw
Vehumet
Wu Jian
Xom
Yredelemnul
Zin
The Shining One
Beogh
Jiyva

Shops:
D:8 **   D:12 **   Orc:2 (!?:?   Lair:3 [

Portals:
Hell: Lair:5
Trove: D:12 (give 17 scrolls of teleportation)

Annotations:
Spider:3 1 runed translucent door, cforsyth's ghost, adept MDCA


Innate Abilities, Weirdness & Mutations

You can wield a second weapon in your off-hand.
It takes a long time for you to wield or remove held weapons.
Your first few attacks do less damage.
You cannot equip rings or amulets.


Message History

Your jumping spider bites the emperor scorpion but does no damage.
The ghost moth hits you. The ghost moth closely misses you.
The ghost moth stings you. The emperor scorpion stings you!!
* * * LOW HITPOINT WARNING * * *
You are more poisoned.
The emperor scorpion poisons you!
The emperor scorpion claws you but does no damage. x2
You feel much better.
You feel extremely sick.
Your culicivora closely misses the emperor scorpion.
Your jumping spider pounces on the emperor scorpion!
Your jumping spider bites the emperor scorpion but does no damage.
The ghost moth stares at you.
You feel your power leaking away. The ghost moth hits you!
* * * LOW HITPOINT WARNING * * *
You feel clumsy.
The ghost moth hits you but does no damage.
The ghost moth stings you.
* * * LOW HITPOINT WARNING * * *
The emperor scorpion stings you!
* * * LOW HITPOINT WARNING * * *
The emperor scorpion claws you but does no damage. x2
Your culicivora chitters at your jumping spider.
The ghost moth is healed somewhat.
Your jumping spider pounces on the emperor scorpion!
Your jumping spider bites the emperor scorpion but does no damage.
You feel much better.
* * * LOW HITPOINT WARNING * * *
You feel extremely sick. The ghost moth stares at you.
The ghost moth misses you. The ghost moth hits you!
* * * LOW HITPOINT WARNING * * *
The ghost moth misses you.
Your culicivora bites the emperor scorpion but does no damage.
Your jumping spider pounces on the emperor scorpion but does no damage.
Your jumping spider barely misses the emperor scorpion.
The emperor scorpion stings you!!
You die...
Your body crumbles into a pile of gold.

#^..#.#^#####.## #.###
###..##.#..(..# #####..#
##...##.#.#.######.##.###
#.....##..#.####........#
###^.##..^###..#....^...#
###.##.^##...^.#.#.......##
#^.....#####.$##[...^.#.##
##.#..###....sys..###.^##
###..###....#s@..^#####
####...###.#.#..####
##..#....######.## ####
#.....####...##.### #..#
......<#.^^..#..#.## #..#
.^.######..#^......# ##..##
##.^##....###...).## #...>#
.#..#^^....#####..## #...##
...###......###....#########...#.


You could see an emperor scorpion (ally target), a ghost moth (invisible), a
friendly culicivora (summoned) and a friendly jumping spider (summoned).

Vanquished Creatures
  Gastronok (Lair:1)
  An azure jelly (IceCv)
  A ghost moth (Spider:4)
  4 emperor scorpions
  A balrug (Orc:1)
  3 broodmothers
  4 quicksilver oozes (IceCv)
  The ghost of Peiku the Fencer, a journeyman MiBe of Trog (Lair:5)
  A dire elephant (Lair:5)
  3 spark wasps
  An entropy weaver (Spider:3)
  Harold (Lair:2)
  Erica (D:9)
  3 boulder beetles
  5 catoblepae
  3 hydras
  A centaur warrior (Orc:2)
  A death knight (D:11)
  4 two-headed ogres
  3 radroaches
  5 death yaks
  A death scarab (Spider:1)
  7 demonic crawlers
  Urug (Lair:2)
  Sonja (Lair:3)
  A skyshark (Lair:5)
  A fire crab (Lair:5)
  A sixfirhy (Lair:5)
  3 pharaoh ants
  A sun moth (Spider:4)
  9 orb spiders
  2 arcanists
  4 steelbarb worms
  An obsidian bat (Orc:2)
  A deep elf pyromancer (D:12)
  12 wolf spiders
  4 orc knights (Orc:2)
  2 cyclopes (D:11)
  2 orc sorcerers (D:12)
  A manticore (D:11)
  A merfolk siren (Lair:3)
  A moth of wrath (Spider:2)
  4 kobold blastminers (Orc:2)
  3 meliai
  6 torpor snails
  6 black mambas
  10 elephants
  5 large abominations (D:10)
  21 cane toads
  An ice statue (IceCv)
  4 orange demons (Lair:5)
  3 unseen horrors
  2 gargoyles
  11 komodo dragons
  2 kobold demonologists
  4 rime drakes
  An ice devil (Lair:5)
  7 trolls
  3 merfolk (Lair:3)
  2 hellwings
  A hornet (D:11)
  2 polar bears (Lair:2)
  17 blink frogs
  24 tarantellas
  13 dream sheep
  8 jumping spiders
  26 slime creatures
  A wraith (D:11)
  2 shadows
  14 culicivoras
  7 wyverns
  53 yaks
  7 basilisks
  Grum (D:9)
  A steam dragon (Lair:3)
  5 vampire mosquitoes (D:11)
  33 redbacks
  7 acid dragons
  A great orb of eyes simulacrum (IceCv)
  22 water moccasins
  Duvessa (D:6)
  4 hell hounds (Lair:5)
  A swamp drake (D:8)
  A sky beast (D:5)
  42 orc warriors
  3 black bears
  An ice beast (D:7)
  6 ogres
  10 centaurs
  7 wolves
  4 slime creature simulacra (IceCv)
  2 phantoms
  13 bullfrogs
  2 kobold brigands
  A glowing shapeshifter simulacrum (IceCv)
  8 scorpions
  6 small abominations (D:10)
  18 wights
  Dowan (D:6)
  15 killer bees
  3 howler monkeys
  2 electric eels (Lair:1)
  2 bombardier beetles (D:5)
  A crimson imp (D:8)
  8 hounds
  4 jellies
  2 gnoll boudas
  24 orc priests
  A sleepcap (D:6)
  Natasha (thrice) (D:4)
  5 iguanas
  28 orc wizards
  5 hell rats (Lair:4)
  A shapeshifter simulacrum (IceCv)
  9 gnolls
  12 adders
  A shadow imp (D:5)
  2 white imps
  6 ufetubi (D:7)
  2 ribbon worms
  5 dart slugs
  90 orcs
  5 ball pythons
  10 endoplasms
  3 giant cockroaches
  8 goblins
  7 hobgoblins
  10 kobolds
  4 quokkas
  10 bats
  4 frilled lizards
  A goblin skeleton (D:8)
  3 goblin zombies (D:8)
  3 hobgoblin zombies (D:8)
  A kobold zombie (D:8)
  An orc skeleton (D:8)
  2 orc zombies (D:8)
  2 rats
881 creatures vanquished.

Vanquished Creatures (collateral kills)
  A torpor snail (Lair:5)
  A jumping spider (Spider:3)
2 creatures vanquished.

Vanquished Creatures (others)
  A cane toad (Lair:5)
  A tarantella (Spider:4)
2 creatures vanquished.

Grand Total: 885 creatures vanquished

Notes
Turn   | Place    | Note
-------+----------+-------------------------------------------
     0 | D:1      | greenreed the Coglin Hunter began the quest for the Orb.
     0 | D:1      | Reached XP level 1. HP: 16/16 MP: 1/1
    54 | D:1      | Reached XP level 2. HP: 22/22 MP: 2/2
   220 | D:1      | Reached skill level 4 in Ranged Weapons
   601 | D:2      | Reached XP level 3. HP: 28/28 MP: 3/3
   868 | D:2      | Reached XP level 4. HP: 34/34 MP: 4/4
  1133 | D:3      | Found a sacrificial altar of Ru.
  1419 | D:3      | Reached XP level 5. HP: 41/41 MP: 5/5
  1504 | D:3      | Reached skill level 5 in Ranged Weapons
  1956 | D:4      | Noticed an ogre
  1962 | D:4      | Killed an ogre
  1963 | D:4      | Reached XP level 6. HP: 47/47 MP: 6/6
  1986 | D:4      | Found an iron altar of Okawaru.
  2260 | D:4      | Reached skill level 6 in Ranged Weapons
  2260 | D:4      | Reached XP level 7. HP: 54/54 MP: 7/7
  2298 | D:4      | Found a shimmering altar of Xom.
  2555 | D:4      | Noticed Natasha
  2561 | D:4      | Killed Natasha
  3216 | D:4      | Noticed Natasha
  3219 | D:4      | Killed Natasha
  3334 | D:4      | Noticed Natasha
  3338 | D:4      | Killed Natasha
  3356 | D:5      | Entered Level 5 of the Dungeon
  3444 | D:5      | Found a staircase to the Ecumenical Temple.
  3475 | Temple   | Entered the Ecumenical Temple
  3489 | Temple   | Became a worshipper of Gozag Ym Sagoz the Greedy
  3635 | D:5      | Reached XP level 8. HP: 39/61 MP: 8/8
  3932 | D:5      | Reached skill level 7 in Ranged Weapons
  4091 | D:5      | Found a shimmering blue altar of Sif Muna.
  4218 | D:5      | Reached skill level 5 in Fighting
  4637 | D:6      | Reached skill level 5 in Dodging
  4687 | D:5      | Reached skill level 8 in Ranged Weapons
  4907 | D:6      | Noticed Dowan
  4907 | D:6      | Noticed Duvessa
  4929 | D:6      | Killed Duvessa
  4930 | D:6      | Reached XP level 9. HP: 28/69 MP: 9/9
  5115 | D:6      | Killed Dowan
  5991 | D:6      | Reached skill level 9 in Ranged Weapons
  6348 | D:7      | Identified the +0 ring mail of Watchfulness {Int+2}
  6459 | D:7      | Reached XP level 10. HP: 79/79 MP: 10/10
  6789 | D:7      | Reached skill level 10 in Ranged Weapons
  7309 | D:8      | Found a glowing golden altar of the Shining One.
  7378 | D:8      | Found Liytiat's Mayhem Merchandise.
  8263 | D:8      | Bought a runed sling for 90 gold pieces
  8430 | D:8      | Found a staircase to the Lair.
  8742 | D:8      | Found a burning altar of Makhleb.
  8915 | D:9      | Found a stormy altar of Qazlal.
  9109 | D:8      | Reached skill level 11 in Ranged Weapons
  9606 | D:9      | Noticed a kobold demonologist
  9609 | D:9      | Noticed a soul eater
  9613 | D:9      | Killed a kobold demonologist
  9623 | D:8      | Reached XP level 11. HP: 87/87 MP: 11/11
  9724 | D:9      | Noticed Grum
  9990 | D:9      | Killed Grum
 10067 | D:9      | Noticed Erica
 10522 | D:9      | Killed Erica
 10883 | D:9      | Found a staircase to the Orcish Mines.
 10891 | D:9      | Found a roughly hewn altar of Beogh.
 11031 | D:9      | Noticed a six-headed hydra
 11131 | D:9      | Killed a six-headed hydra
 11132 | D:9      | Reached skill level 12 in Ranged Weapons
 11220 | D:10     | Entered Level 10 of the Dungeon
 11708 | D:10     | Learned a level 3 spell: Swiftness
 11802 | D:10     | Noticed a two-headed ogre
 11809 | D:10     | Killed a two-headed ogre
 11925 | D:10     | Noticed an arcanist
 11929 | D:10     | Killed an arcanist
 11930 | D:10     | Reached skill level 1 in Air Magic
 11941 | D:10     | Noticed a large abomination
 11999 | D:10     | Reached XP level 12. HP: 97/97 MP: 12/12
 12158 | D:10     | Found the +5 moon troll leather armour {Spirit, Regen++
                  | MP+5}
 12184 | D:10     | Identified the +11 whip of Amiratt {vamp, rC+ rN+ Will+
                  | Str-3}
 12544 | D:11     | Reached skill level 13 in Ranged Weapons
 12577 | D:11     | Noticed a two-headed ogre
 12580 | D:11     | Killed a two-headed ogre
 12580 | D:11     | Noticed a storm dragon
 12581 | D:11     | Reached skill level 10 in Fighting
 12753 | D:11     | Paralysed by a hornet for 3 turns
 12828 | D:10     | Reached skill level 1 in Evocations
 12869 | D:11     | Noticed a two-headed ogre
 12882 | D:11     | Killed a two-headed ogre
 13220 | D:11     | Noticed a death knight
 13921 | D:12     | Found a portal to a secret trove of treasure.
 14358 | D:12     | Found a frozen archway.
 14366 | IceCv    | Entered an ice cave
 14399 | IceCv    | Reached XP level 13. HP: 104/104 MP: 13/13
 14435 | IceCv    | Noticed a quicksilver ooze
 14443 | IceCv    | Killed a quicksilver ooze
 14461 | IceCv    | Noticed a quicksilver ooze
 14469 | IceCv    | Killed a quicksilver ooze
 14470 | IceCv    | Reached skill level 14 in Ranged Weapons
 14561 | IceCv    | Reached skill level 10 in Dodging
 14564 | IceCv    | Reached skill level 5 in Evocations
 14576 | IceCv    | Found a viscous altar of Jiyva.
 14576 | IceCv    | Noticed an azure jelly
 14585 | IceCv    | Killed an azure jelly
 14585 | IceCv    | Noticed a quicksilver ooze
 14589 | IceCv    | Killed a quicksilver ooze
 14612 | IceCv    | Identified the +1 leather armour of Makhleb's Fury {rC-
                  | Dex+6}
 14699 | IceCv    | Noticed a quicksilver ooze
 14704 | IceCv    | Killed a quicksilver ooze
 14705 | IceCv    | Reached skill level 5 in Air Magic
 14755 | IceCv    | Got the +3 sling of Due Proportion {freeze, MP+9 SInv}
 14916 | D:12     | Found a transporter.
 14921 | D:12     | Found a roughly hewn altar of Beogh.
 14921 | D:12     | Found a transporter.
 15260 | D:12     | Found Huattew's Changing Room.
 15274 | D:12     | Bought a potion of mutation for 96 gold pieces
 15280 | D:12     | Bought a scroll labelled GAPSABIESI for 35 gold pieces
 15280 | D:12     | Bought a cyan potion for 31 gold pieces
 16295 | Lair:1   | Entered Level 1 of the Lair of Beasts
 16436 | Lair:1   | You fall into a shaft and drop 1 floor!
 16436 | Lair:2   | Noticed Harold
 16575 | Lair:1   | Noticed Gastronok
 16584 | Lair:1   | Killed Gastronok
 17157 | Lair:2   | Reached XP level 14. HP: 113/113 MP: 14/14
 17157 | Lair:2   | Acquired a megaablative actuator {rPois rF+ Regen+ RegenMP+
                  | rCorr}
 17181 | Lair:2   | Reached skill level 15 in Ranged Weapons
 17243 | Lair:2   | Found a hole to the Spider Nest.
 17262 | Lair:2   | Killed Harold
 17591 | Lair:2   | Noticed Urug
 17603 | Lair:2   | Killed Urug
 18342 | Lair:3   | Noticed Sonja
 18376 | Lair:3   | Killed Sonja
 18914 | Lair:3   | Found a staircase to the Shoals.
 19464 | Lair:4   | Found a viscous altar of Jiyva.
 19468 | Lair:4   | Found a staircase to the Slime Pits.
 19843 | Lair:5   | Entered Level 5 of the Lair of Beasts
 19869 | Lair:5   | Noticed Peiku's ghost (journeyman MiBe)
 19869 | Lair:5   | Found a transporter.
 19883 | Lair:5   | Reached XP level 15. HP: 121/121 MP: 15/15
 19935 | Lair:5   | Reached skill level 16 in Ranged Weapons
 20039 | Lair:5   | Found a transporter.
 20900 | Lair:5   | Found a burning altar of Makhleb.
 20914 | Lair:5   | Reached skill level 10 in Evocations
 20983 | Lair:5   | Found a gateway to Hell.
 21249 | Orc:1    | Entered Level 1 of the Orcish Mines
 21736 | Orc:1    | Found a runed translucent door.
 21739 | Orc:1    | Noticed a balrug
 21796 | Orc:2    | Entered Level 2 of the Orcish Mines
 21800 | Orc:2    | Found a staircase to the Elven Halls.
 22473 | Orc:2    | Found Hutol's Distillery.
 22473 | Orc:2    | Found Qisuiddisa's Magic Scroll Shop.
 22475 | Orc:2    | Found Qapas's Book Boutique.
 22477 | Orc:2    | Found Cooradd's Weapon Shoppe.
 22481 | Orc:2    | Bought a potion of enlightenment for 80 gold pieces
 22481 | Orc:2    | Bought a potion of degeneration for 16 gold pieces
 22482 | Orc:2    | Bought a scroll of identify for 26 gold pieces
 22482 | Orc:2    | Bought a scroll of identify for 26 gold pieces
 22482 | Orc:2    | Bought a scroll of identify for 26 gold pieces
 22482 | Orc:2    | Bought a scroll of teleportation for 39 gold pieces
 22482 | Orc:2    | Bought a scroll of teleportation for 39 gold pieces
 22482 | Orc:2    | Bought a scroll of teleportation for 39 gold pieces
 22609 | Orc:2    | Identified a scroll of acquirement
 22612 | Orc:2    | Bought a scroll of identify for 32 gold pieces
 22612 | Orc:2    | Bought a scroll of identify for 32 gold pieces
 22612 | Orc:2    | Bought a scroll of identify for 32 gold pieces
 22612 | Orc:2    | Bought a scroll of teleportation for 48 gold pieces
 22612 | Orc:2    | Bought a scroll of teleportation for 48 gold pieces
 22616 | Orc:2    | Acquired the +0 pair of boots "Ladukk" {rElec Regen+ Str-4
                  | Int+4}
 22749 | Orc:1    | Killed a balrug
 23025 | D:12     | Identified the +1 dagger "Irghoevi" {speed, rElec Int+4
                  | Stlth+}
 23271 | Lair:5   | Killed Peiku's ghost
 23277 | Lair:5   | Reached XP level 16. HP: 40/130 MP: 6/16
 23457 | Spider:1 | Entered Level 1 of the Spider Nest
 23529 | Spider:1 | Reached skill level 17 in Ranged Weapons
 25022 | Spider:3 | Found a runed translucent door.
 25035 | Spider:3 | Noticed cforsyth's ghost (adept MDCA)
 25752 | Spider:4 | Entered Level 4 of the Spider Nest
 26808 | Spider:4 | Reached XP level 17. HP: 117/138 MP: 17/17
 27115 | Spider:4 | Reached skill level 18 in Ranged Weapons
 27177 | Spider:4 | Identified the +0 rapier "Hereeronn" {speed, Str+3}
 27576 | Spider:3 | Mangled by an emperor scorpion

Illustrated notes

Levels and vault maps discovered:
D:1:      spicycebolla_arrival_clurvy, layout_loops_ring
D:2:      layout_rooms, minmay_indecisive_spiral
D:3:      layout_basic, nicolae_ru_awakened_eye
D:4:      layout_loops_corners, mainiacjoe_overflow_concentric_impassable,
          nicolae_overflow_crystal_walls, kennysheep_diamond, uniq_natasha
D:5:      layout_loops_corners, led_sif_book, temple_pool_b
D:6:      layout_loops_ring, nrook_mini_vaults,
          hangedman_abyss_or_decor_stagger, minmay_fractal_squares_5,
          uniq_duvessa
D:7:      old_forge, layout_basic
D:8:      layout_loops_ring, general_overflow_altar,
          nicolae_tso_besieged_by_evil, erik_lair_dragon, minmay_shop_mayhem
D:9:      layout_cave_pools, nicolae_qazlal_general_emergency,
          minmay_orc_entry_temple_small, uniq_erica, uniq_grum
D:10:     layout_roguey, roderic_lattice_a, minivault_4, laboratory
D:11:     nzn_winding_woodlands_cross [nzn_winding_woodlands_5x15_pool,
          nzn_winding_woodlands_5x15_parted,
          nzn_winding_woodlands_5x15_pathside_ponds,
          nzn_winding_woodlands_5x15_default,
          nzn_winding_woodlands_15x15_five_gardens], layout_loops_ring
D:12:     gammafunk_beogh_shrine, layout_basic, nicolae_trove_entry_crystal,
          portal_ice_cave_rime, nicolae_transmutations_shop,
          nicolae_elevator_lobby_asterisk
D:13:     layout_long_grid, david_vaults_4, serial_demonic, serial_demonic_g,
          serial_demonic_g, serial_demonic_a, serial_demonic_e,
          serial_demonic_e, serial_demonic_d, serial_demonic_f, uniq_kirke
Temple:   nicolae_temple_bog_church
Lair:1:   layout_regular_city, grunt_megastairs_2, serial_bayou_shore_a,
          uniq_gastronok
Lair:2:   layout_roguey, spider_nest_entry_webs, serial_bayou_shore_b,
          uniq_harold, uniq_urug
Lair:3:   layout_roguey, elwin_shoals_entry_stream, grunt_megastairs_4,
          uniq_sonja
Lair:4:   layout_loops_ring, nicolae_slime_entry_field_trip, grunt_megastairs_5
Lair:5:   evil_forest, layout_big_grid, gammafunk_ghost_arena,
          serial_bayou_shore_b
Spider:1: layout_spider_delve
Spider:2: layout_spider_delve, drop_trap
Spider:3: layout_spider_delve, ebering_ghost_inner_flame,
          hangedman_spider_tarantella_strand
Spider:4: guppyfry_spider_rune, drop_trap, hellmonk_test_site
Orc:1:    dreamdust_dug_too_deep, layout_caves
Orc:2:    st_orc_rangers, layout_caves

Skill      XL: |  1  2  3  4  5  6  7  8  9 10 11 12 13 14 15 16 17 |
---------------+----------------------------------------------------+-----
Dodging        | 2 3 4 5 6 7 8 9 10 11 12 | 12.9
Ranged Weapons | 4 5 6 8 9 11 12 13 14 15 16 17 18 | 18.1
Fighting       | 3 4 5 7 8 9 10 11 12 13 14 | 14.1
Air Magic      | 1 4 5 7 8 9 |  9.6
Evocations     | 4 6 9 10 12 | 12.5
Stealth        | |  0.7

Action                     |  1- 3 |  4- 6 |  7- 9 | 10-12 | 13-15 | 16-18 || total
---------------------------+-------+-------+-------+-------+-------+-------++-------
  Melee: Sling             |       |       |       |     1 |       |    10 ||    11
   Fire: Sling             |   136 |   216 |   800 |  1524 |  2786 |  1620 ||  7082
   Cast: Swiftness         |       |       |       |       |     1 |       ||     1
 Invoke: Call Merchant     |       |       |       |     1 |     3 |       ||     4
         Potion Petition   |       |       |       |     1 |       |       ||     1
Ability: Invent Gizmo      |       |       |       |       |     1 |       ||     1
  Evoke: Wand              |       |       |       |     2 |       |       ||     2
         Lightning rod     |       |       |       |       |     3 |       ||     3
         Sack of spiders   |       |       |       |       |     1 |     1 ||     2
    Use: Scroll            |       |       |       |       |    26 |       ||    26
         Potion            |       |       |       |       |     1 |     3 ||     4
 Armour: Leather armour    |     3 |    20 |   110 |   129 |       |       ||   262
         Robe              |       |       |       |    23 |       |       ||    23
         Troll leather arm |       |       |       |    66 |   293 |   460 ||   819
  Dodge: Dodged            |     8 |    14 |   123 |   242 |   419 |   647 ||  1453

Table legend: (Time is in decaauts)
 A = Elapsed time spent in this place.
 B = Non-inter-level travel time spent in this place.
 C = Inter-level travel time spent in this place.
 D = Time resting spent in this place.
 E = Time spent auto-exploring this place.
 F = Levels seen in this place.
 G = Mean time per level.
                   A        B        C        D        E       F      G
               +--------+--------+--------+--------+--------+-----+--------+
         Total |  27123 |  23634 |   3489 |   1370 |  17323 |  26 | 1043.2 |
       Dungeon |  16230 |  13753 |   2477 |   1275 |  10030 |  13 | 1248.5 |
        Temple |     28 |      2 |     26 |      0 |      0 |   1 |   28.0 |
          Lair |   4944 |   4561 |    383 |      5 |   3478 |   5 |  988.8 |
   Spider Nest |   3963 |   3525 |    438 |     90 |   2504 |   4 |  990.8 |
  Orcish Mines |   1507 |   1345 |    162 |      0 |   1037 |   2 |  753.5 |
      Ice Cave |    448 |    448 |      0 |      0 |    273 |   1 |  448.0 |
               +--------+--------+--------+--------+--------+-----+--------+

Top non-repeatable levels by time:
     D:8: 3039 daAuts
    D:12: 1650 daAuts
Spider:3: 1638 daAuts
     D:4: 1522 daAuts
    D:11: 1518 daAuts
     D:5: 1513 daAuts
    D:10: 1474 daAuts
     D:9: 1319 daAuts
     D:6: 1314 daAuts
  Lair:5: 1260 daAuts
  Lair:3: 1135 daAuts
     D:7: 984 daAuts
  Lair:2: 924 daAuts
Spider:4: 916 daAuts
   Orc:2: 862 daAuts
